 Dungeon Crawl Stone Soup version 0.22.0 (webtiles) character file.

13789 CyclopB the Carver (level 12, -9/89 HPs)
             Began as a Barachi Monk on Dec 25, 2018.
             Was the Champion of Cheibriados.
             Mangled by a minotaur
             ... wielding the +8 glaive of the Guard {elec, +Rage AC+5 SInv}
              (20 damage)
             ... in a labyrinth on Dec 26, 2018.
             The game lasted 02:31:00 (17150 turns).

CyclopB the Carver (Barachi Monk)                  Turns: 17150, Time: 02:31:02

Health: -9/89      AC: 10    Str: 34      XL:     12   Next: 9%
Magic:  15/17      EV: 30    Int: 24 (25) God:    Cheibriados [******]
Gold:   879        SH:  0    Dex: 36 (37) Spells: 11/11 levels left

rFire    + . .     SeeInvis .   m - +3 scimitar
rCold    + + .     Gourm    .   (no shield)
rNeg     . . .     Faith    .   f - +3 leather armour {rC+}
rPois    .         Spirit   .   h - +0 helmet
rElec    .         Reflect  .   C - scarf {rC+ rF+}
rCorr    .         Harm     .   M - +1 pair of gloves
MR       .....                  N - +0 pair of boots
Stlth    ++++......             z - amulet of the acrobat
HPRegen  0.24/turn              v - +3 ring of dexterity
MPRegen  0.15/turn              p - +2 ring of evasion

@: mighty, studying Shields, very slow
A: +LOS, swims, deterioration 1, sense surroundings 1, slowness 1, strong legs 1
a: Hop, Bend Time, Temporal Distortion, Slouch, Step From Time, Renounce
Religion


You were in a labyrinth.
You worshipped Cheibriados.
Cheibriados was exalted by your worship.
You were not hungry.

You visited 3 branches of the dungeon, and saw 14 of its levels.
You also visited: Labyrinth and Bailey.

You collected 1012 gold pieces.
You spent 133 gold pieces at shops.

Inventory:

Hand Weapons
 m - a +3 scimitar (weapon)
 t - a +0 dagger of draining
 y - a +0 hunting sling
Missiles
 d - 150 stones (quivered)
 D - a throwing net
 G - 18 javelins of returning
 K - 33 sling bullets
 O - 3 tomahawks
Armour
 f - a +3 leather armour of cold resistance (worn)
 h - a +0 helmet (worn)
 C - a scarf of resistance (worn)
 H - a cursed -2 chain mail
 M - a +1 pair of gloves (worn)
 N - a +0 pair of boots (worn)
Jewellery
 i - a cursed ring of fire
 o - an uncursed ring of positive energy {unknown}
 p - a +2 ring of evasion (right hand)
 v - a +3 ring of dexterity (left hand)
 z - an amulet of the acrobat (around neck)
Wands
 a - a wand of polymorph (6)
 u - a wand of scattershot (2)
 E - a wand of paralysis (24)
Scrolls
 e - 2 scrolls of fear
 g - a scroll of blinking
 l - 2 scrolls of teleportation
 n - a scroll of fog
 s - a scroll of amnesia
 w - 2 scrolls of noise {unknown}
 x - 5 scrolls of remove curse
 A - a scroll of immolation
 B - a scroll of enchant armour {unknown}
 L - 3 scrolls of identify
 P - a scroll of silence {unknown}
Potions
 b - a potion of resistance
 j - a potion of might
 F - a potion of heal wounds
 J - a potion of experience {unknown}
Books
 I - a manual of Shields
Comestibles
 c - 27 rations


   Skills:
 + Level 6.8 Fighting
 - Level 14.2 Long Blades
 - Level 12.0 Dodging
 - Level 4.1 Stealth
 * Level 7.8 Invocations


You had 11 spell levels left.
You didn't know any spells.
Your spell library was empty.

Dungeon Overview and Level Annotations

Branches:
Dungeon (11/15)            Temple (1/1) D:4            Lair (2/6) D:10
 Spider (0/4) Lair:2          Orc (0/2) D:9
  Swamp: Lair:2-4    Shoals: Lair:2-4

Altars:
Ashenzari
Cheibriados
Dithmenos
Elyvilon
Fedhas
Gozag
Hepliaklqana
Kikubaaqudgha
Makhleb
Nemelex Xobeh
Okawaru
Qazlal
Ru
Sif Muna
Trog
Uskayaw
Vehumet
Wu Jian
Xom
Yredelemnul
Zin
The Shining One

Shops:
D:10 =!%(?

Annotations:
D:6 1 runed door, spsoon's ghost, novice OpMo


Innate Abilities, Weirdness & Mutations

Shadows flee at your approach. (+LOS)
You can swim through water.
You cover ground slowly.
You can hop short distances.
Your body sometimes deteriorates upon taking damage.
You passively map a small area around you.


Message History

The minotaur is lightly wounded.
You feel very mighty all of a sudden. The minotaur barely misses you.
The minotaur gores you!
You slice the minotaur!!
The minotaur is heavily wounded.
The minotaur is no longer moving slowly.
You open the minotaur like a pillowcase!!!
The minotaur is almost dead.
The minotaur hits you with the +8 glaive of the Guard {elec, +Rage AC+5 SInv}!
The minotaur gores you!
* * * LOW HITPOINT WARNING * * *
Your body deteriorates!
You feel clumsy.
You feel much better.
You hit the minotaur.
The minotaur is almost dead.
The minotaur hits you with the +8 glaive of the Guard {elec, +Rage AC+5 SInv}!!
* * * LOW HITPOINT WARNING * * *
Your body deteriorates!
You feel dopey.
You are electrocuted!
You die...

. #. ##### . .
...# .### #.
## . .. # ..#
#### #
##.#.### #....
#...........#
# .#.####
######.### #.
....#<..H@...#
# # ###
#.######.#.#
.. . .. ..#. .
# ##.# #.# #
.# #.. .# #
###


You could see a minotaur.

Vanquished Creatures
  2 two-headed ogres
  An unseen horror (D:10)
  Joseph (D:7)
  A spiny frog (Lair:1)
  2 trolls
  A hornet (D:11)
  Grinder (D:7)
  Prince Ribbit (D:6)
  3 wyverns
  Sigmund (D:4)
  5 yaks
  Eustachio (D:4)
  4 hungry ghosts
  3 wargs (D:9)
  3 water moccasins
  3 porcupines
  7 ice beasts
  12 orc warriors
  A sky beast (D:9)
  2 phantoms
  2 ogres
  3 crocodiles
  11 wolves (Lair:1)
  12 centaurs
  6 bullfrogs
  A gnoll sergeant (D:8)
  7 scorpions
  15 killer bees
  6 wights
  2 howler monkeys (D:9)
  3 crimson imps
  3 bullfrog zombies (D:7)
  2 quasits
  2 centaur zombies
  A hound (D:4)
  2 jellies
  An orc priest (D:11)
  2 centaur skeletons
  6 orc wizards
  Natasha (twice) (D:2)
  2 iguanas
  2 hell rats (Lair:1)
  5 worker ants
  A hound skeleton (D:9)
  A howler monkey zombie (D:5)
  Robin (D:2)
  A worker ant zombie (D:7)
  8 adders
  15 gnolls
  7 river rats (Lair:1)
  2 shadow imps
  An ooze (D:5)
  An adder zombie (D:7)
  3 worms
  A dart slug (D:1)
  7 leopard geckos
  41 orcs
  6 giant cockroaches
  20 goblins
  10 hobgoblins
  19 jackals
  2 quokkas
  3 bats
  6 frilled lizards
  A jackal zombie (D:5)
  9 kobolds
  A quokka skeleton (D:5)
  14 rats
334 creatures vanquished.

Vanquished Creatures (others)
  6 fungi
  2 plants
8 creatures vanquished.

Grand Total: 342 creatures vanquished

Notes
Turn   | Place    | Note
-------+----------+-------------------------------------------
     0 | D:1      | CyclopB the Barachi Monk began the quest for the Orb.
     0 | D:1      | Reached XP level 1. HP: 18/18 MP: 1/1
    36 | D:1      | Reached skill level 4 in Long Blades
   164 | D:1      | Reached XP level 2. HP: 6/24 MP: 2/2
   627 | D:1      | Reached XP level 3. HP: 28/29 MP: 3/3
   809 | D:1      | Reached skill level 5 in Long Blades
  1605 | D:1      | Reached XP level 4. HP: 24/36 MP: 4/4
  1774 | D:2      | Noticed Robin
  2201 | D:2      | Found an opulent altar of Gozag.
  2213 | D:2      | Killed Robin
  2227 | D:2      | Reached skill level 6 in Long Blades
  2617 | D:2      | Noticed Natasha
  2647 | D:2      | Reached XP level 5. HP: 39/41 MP: 5/5
  3180 | D:2      | Killed Natasha
  3354 | D:2      | Noticed Natasha
  3363 | D:2      | Killed Natasha
  3576 | D:3      | Reached skill level 7 in Long Blades
  3627 | D:3      | Noticed a crocodile
  3781 | D:3      | HP: 2/41 [crocodile (4)]
  3787 | D:3      | Killed a crocodile
  3787 | D:3      | Reached XP level 6. HP: 3/47 MP: 6/6
  4654 | D:4      | Reached skill level 8 in Long Blades
  4685 | D:4      | Found a staircase to the Ecumenical Temple.
  4696 | Temple   | Entered the Ecumenical Temple
  4838 | Temple   | Became a worshipper of Cheibriados the Contemplative
  4838 | Temple   | Reached * piety under Cheibriados
  4838 | Temple   | Reached ** piety under Cheibriados
  5053 | D:4      | Noticed Eustachio
  5656 | D:4      | Killed Eustachio
  5656 | D:4      | Reached skill level 5 in Dodging
  5656 | D:4      | Reached XP level 7. HP: 20/52 MP: 7/7
  5960 | D:4      | Noticed Sigmund
  6381 | D:5      | Entered Level 5 of the Dungeon
  7044 | D:5      | Reached XP level 8. HP: 41/59 MP: 8/8
  7362 | D:5      | Noticed Grinder
  7505 | D:6      | Reached *** piety under Cheibriados
  7956 | D:6      | Noticed Prince Ribbit
  8009 | D:6      | Found a runed door.
  8009 | D:6      | Noticed a brown ugly thing
  8009 | D:6      | Noticed spsoon's ghost (novice OpMo)
  8070 | D:7      | Reached skill level 9 in Long Blades
  8312 | D:7      | Killed Grinder
  8312 | D:7      | Reached skill level 10 in Long Blades
  8766 | D:7      | Reached skill level 11 in Long Blades
  8807 | D:7      | Reached XP level 9. HP: 39/64 MP: 9/9
  8984 | D:7      | Noticed Joseph
  9041 | D:7      | Reached **** piety under Cheibriados
  9629 | D:8      | Found a stormy altar of Qazlal.
  9656 | D:8      | Reached skill level 12 in Long Blades
  9968 | D:7      | Reached skill level 13 in Long Blades
 10267 | D:4      | Killed Sigmund
 10297 | D:4      | Found a glowing silver altar of Zin.
 10455 | D:6      | Killed Prince Ribbit
 10801 | D:7      | Killed Joseph
 10801 | D:7      | Reached skill level 14 in Long Blades
 10801 | D:7      | Reached XP level 10. HP: 12/70 MP: 6/10
 11596 | D:8      | Found a burning altar of Makhleb.
 11596 | D:8      | Found an opulent altar of Gozag.
 11609 | D:8      | Reached skill level 5 in Fighting
 11627 | D:8      | Found a sacrificial altar of Ru.
 11627 | D:8      | Found a shattered altar of Ashenzari.
 11627 | D:8      | Noticed a two-headed ogre
 11638 | D:8      | Killed a two-headed ogre
 11655 | D:8      | Found a bloodstained altar of Trog.
 11657 | D:8      | Found a white marble altar of Elyvilon.
 11802 | D:8      | Reached ***** piety under Cheibriados
 12089 | D:9      | Found a staircase to the Orcish Mines.
 12124 | D:9      | Noticed a two-headed ogre
 12139 | D:9      | Killed a two-headed ogre
 12314 | D:9      | Found a flagged portal.
 12418 | Bailey   | Entered a bailey
 12502 | Bailey   | Reached XP level 11. HP: 81/81 MP: 14/14
 12958 | Bailey   | Reached skill level 10 in Dodging
 12962 | Bailey   | Reached skill level 5 in Invocations
 14163 | D:10     | Entered Level 10 of the Dungeon
 14464 | D:10     | Reached ****** piety under Cheibriados
 14611 | D:10     | Found Ekojukk's Weapon Shop.
 14651 | D:10     | Found Meamowia's Food Emporium.
 14768 | D:10     | Killed an unseen horror
 14847 | D:10     | Found a staircase to the Lair.
 15041 | D:10     | Found Caicloyb's Jewellery Boutique.
 15193 | D:10     | Found Vikhlyle's Distillery.
 15381 | D:10     | Found Ebaikkua's Magic Scroll Boutique.
 15401 | D:10     | Bought a scroll of identify for 28 gold pieces
 15619 | D:10     | Bought a scroll of blinking for 105 gold pieces
 15668 | Lair:1   | Entered Level 1 of the Lair of Beasts
 15863 | Lair:1   | Noticed a seven-headed hydra
 16634 | Lair:2   | Found a hole to the Spider Nest.
 16718 | D:11     | Reached XP level 12. HP: 88/88 MP: 17/17
 16867 | D:11     | Found a radiant altar of Vehumet.
 16936 | D:11     | Found a labyrinth entrance.
 16943 | Lab      | Entered a labyrinth
 17132 | Lab      | Noticed a minotaur
 17134 | Lab      | Gained mutation: Your body sometimes deteriorates upon taking damage. [potion of mutation]
 17134 | Lab      | Gained mutation: You passively map a small area around you. [potion of mutation]
 17150 | Lab      | Mangled by a minotaur

Skill      XL: |  1  2  3  4  5  6  7  8  9 10 11 |
---------------+----------------------------------+-----
Long Blades    | 4 5 6 7 8 11 14 | 14.2
Dodging        | 4 5 7 9 12 | 12.0
Stealth        | 3 4 |  4.1
Fighting       | 6 |  6.8
Invocations    | 4 7 |  7.8

Action                   |  1- 3 |  4- 6 |  7- 9 | 10-12 || total
-------------------------+-------+-------+-------+-------++-------
Melee: Falchion          |   116 |   318 |   407 |       ||   841
       Scimitar          |       |       |    14 |   394 ||   408
 Fire: Hunting sling     |       |       |    94 |   145 ||   239
Throw: Stone             |    40 |    92 |    54 |    90 ||   276
       Throwing net      |       |       |     2 |       ||     2
       Tomahawk          |       |       |       |     4 ||     4
Invok: Bend Time         |       |       |     3 |     1 ||     4
       Slouch            |       |       |       |     2 ||     2
 Abil: Hop               |     5 |     7 |     7 |    10 ||    29
Evoke: Wand              |       |       |     1 |     3 ||     4
  Use: Potion            |       |     6 |     5 |     3 ||    14
       Scroll            |       |     3 |    13 |     3 ||    19
 Stab: Sleeping          |     2 |     4 |     6 |    10 ||    22
       Paralysed         |       |       |     2 |     3 ||     5
  Eat: Chunk             |     3 |    13 |     7 |    16 ||    39
       Ration            |       |       |     1 |       ||     1
Armor: Robe              |    15 |    21 |       |       ||    36
       Leather armour    |       |    37 |    52 |    48 ||   137
       Skin              |       |       |     2 |       ||     2
Dodge: Dodged            |    68 |   265 |   292 |   476 ||  1101
       Rpst.: Falchion   |    22 |    79 |    65 |       ||   166
       Scimitar          |       |       |     4 |   107 ||   111
